 Dungeon Crawl Stone Soup version 0.30.1-4-g462c640d31 (webtiles) character file.

Game seed: 2607391935020861869

3677 booth the Cleaver (level 10, -21/86 HPs)
             Began as a Hill Orc Fighter on Sept 3, 2023.
             Was a Priest of Beogh.
             Demolished by an orc warlord
             ... wielding a +6 broad axe
              (23 damage)
             ... in a bailey.
             The game lasted 00:47:38 (7832 turns).

booth the Cleaver (Hill Orc Fighter)                Turns: 7832, Time: 00:47:38

Health: -21/86     AC: 16    Str: 28    XL:     10   Next: 13%
Magic:  14/14      EV:  8    Int: 10    God:    Beogh [***...]
Gold:   331        SH:  6    Dex: 21    Spells: 9/9 levels left

rFire   . . .        a - +3 war axe (heavy)
rCold   x . .        c - +0 buckler
rNeg    . . .        x - +0 chain mail
rPois   +            (no helmet)
rElec   +            r - +2 cloak of the Griffon {Dex+3}
rCorr   .            q - +0 pair of gloves
SInv    .            s - +0 pair of boots
Will    .....        m - amulet of Reym Obb {Acrobat rElec rPois rC-} Stlth
                     C - +6 ring of dexterity
HPRegen 0.34/turn    E - ring of Alubluece {Str+6 Dex+2}
MPRegen 0.14/turn

%: acrobat
@: no status effects
A: no striking features
a: Renounce Religion, Smiting


You were in a bailey.
You worshipped Beogh.
Beogh was most pleased with you.
You visited 1 branch of the dungeon, and saw 8 of its levels.
You also visited: Bailey.

You collected 471 gold pieces.
You spent 140 gold pieces at shops.

Inventory:

Hand Weapons
 a - a +3 heavy war axe (weapon)
 B - a +2 mace of protection
Missiles
 o - an atropa-tipped dart (quivered)
 D - a boomerang
Armour
 b - a +0 scale mail
 c - a +0 buckler (worn)
 q - a +0 pair of gloves (worn)
 r - the +2 cloak of the Griffon (worn) {Dex+3}
   (You acquired it on level 2 of the Dungeon)

   Dex:       It affects your dexterity (+3).
 s - a +0 pair of boots (worn)
 x - a +0 chain mail (worn)
Jewellery
 m - the amulet of Reym Obb (around neck) {Acrobat rElec rPois rC-}
   (You acquired it on level 1 of the Dungeon)

   [amulet of the acrobat]

   It increases your evasion while moving and waiting.
   rC:        It makes you vulnerable to cold.
   rElec:     It insulates you from electricity.
   rPois:     It protects you from poison.
 n - a ring of poison resistance
 C - a +6 ring of dexterity (left hand)
 E - the ring of Alubluece (right hand) {Str+6 Dex+2}
   (You found it on level 6 of the Dungeon)

   [ring of strength]

   Str:       It affects your strength (+6).
   Dex:       It affects your dexterity (+2).
 G - a ring of resist corrosion
Wands
 t - a wand of flame (13)
 u - a wand of charming (23)
 v - a wand of digging (3)
 z - a wand of iceblast (16)
 F - a wand of acid (9)
Scrolls
 g - 6 scrolls of teleportation
 i - 3 scrolls of poison
 j - 2 scrolls of amnesia
 l - 3 scrolls of identify
 y - a scroll of magic mapping
 J - a scroll of blinking {unknown}
Potions
 d - 4 potions of might
 e - 3 potions of attraction
 f - 4 potions of lignification
 h - 3 potions of mutation
 k - a potion of resistance
 p - a potion of curing
 H - a potion of cancellation {unknown}
 K - a potion of haste {unknown}


   Skills:
 + Level 7.2 Fighting
 * Level 9.6(10.4) Axes
 + Level 4.9(7.1) Maces & Flails
 + Level 4.1 Throwing
 + Level 6.5 Armour
 + Level 6.5 Shields
 * Level 6.6 Invocations


You had 9 spell levels left.
You didn't know any spells.
Your spell library contained the following spells:

 Spells                   Type           Power      Damage    Failure   Level
 Slow                     Hex            0%         N/A       87%         1
 Sting                    Tmut/Pois      0%         1d3       87%         1
 Poisonous Vapours        Pois/Air       0%         N/A       95%         2
 Scorch                   Fire           0%         2d5       95%         2
 Confusing Touch          Hex            0%         N/A       99%         3
 Dazzling Flash           Conj/Hex       0%         N/A       99%         3
 Summon Guardian Golem    Hex/Summ       0%         N/A       99%         3
 Vampiric Draining        Necr           0%         2d6       99%         3
 Vhi's Electric Charge    Tloc/Air       0%         N/A       99%         3
 Volatile Blastmotes      Fire/Tloc      0%         2d10      99%         3
 Flame Wave               Conj/Fire      0%         2d4       100%        4
 Iskenderun's Mystic Bla  Conj/Tloc      0%         2d3       100%        4
 Olgreb's Toxic Radiance  Pois           0%         N/A       100%        4
 Arcjolt                  Conj/Air       0%         1d10      100%        5
 Plasma Beam              Fire/Air       0%         2x1d11    100%        6
 Starburst                Conj/Fire      0%         6d3       100%        6
 Summon Cactus Giant      Summ           0%         N/A       100%        6
 Orb of Destruction       Conj           0%         9d5       100%        7
 Spellforged Servitor     Conj/Summ      0%         N/A       100%        7


Dungeon Overview and Level Annotations

Branches:
Dungeon (8/15)             Temple (0/1) D:7          Bailey (1/1)
   Lair: D:8-11

Altars:
Hepliaklqana
Nemelex Xobeh
Okawaru
Qazlal
Xom

Shops:
D:5 *   D:7 ?


Message History

You throw a poisoned dart. The poisoned dart hits the orc warlord.
The orc warlord is poisoned.
The orc warlord is moderately wounded.
An orc warrior comes into view. It is wielding a +0 battleaxe.
The orc warlord hits you with a +6 broad axe!!
* * * LOW HITPOINT WARNING * * *
You feel much better. You block the orc warlord's attack.
As you read the scroll of fear, it crumbles to dust.
You assume a fearsome visage.
The orc warrior looks frightened!
The goblin looks frightened!
The gnoll looks frightened!
The orc warlord looks frightened!
The hobgoblin looks frightened!
There is a fountain of clear blue water here.
There is a gate leading back out of this place here.
You block the orc warlord's attack.
The orc warlord hits you with a +6 broad axe!
You barely miss the orc warlord.
The orc warlord is moderately wounded.
The orc warlord hits you with a +6 broad axe!!
* * * LOW HITPOINT WARNING * * *
You feel much better.
The orc warlord hits you with a +6 broad axe!!
* * * LOW HITPOINT WARNING * * *
Okay, then.
You feel much better.
The orc warlord hits you with a +6 broad axe.
* * * LOW HITPOINT WARNING * * *
Aiming: Corrosive Bolt
Press: ? - help, Shift-Dir - straight line, f/p - orc warlord
Aim: an orc warlord, wielding a +6 broad axe and wearing a +0 chain mail (moderately wounded, 79% to hit)
The bolt of acid hits the orc warlord.
The acid corrodes the orc warlord!
The orc warlord is moderately wounded.
The orc warlord hits you with a +6 broad axe!!
* * * LOW HITPOINT WARNING * * *
Cleave: a) +3 war axe (heavy)
Press: ? - help, Dir - move target, f/p - orc warlord
Aim: an orc warlord, wielding a +6 broad axe and wearing a +0 chain mail (moderately wounded, covered in acid, about 24% to evade your +3 heavy war axe)
You slash the orc warlord!
The orc warlord is moderately wounded.
The orc warlord hits you with a +6 broad axe!!
You die...

###.....###.###...
## ##.........###
.... #..........8#
g....
#..........8#......
#∩....⌠.....((.(g.o
#..........8#......
#..........8# g....
##....o....### ....
###..@))###.###...
##
###.#)#.....###.###.
###.........###...
#...........#....
#...........#....
#.....⌠....)#....
#..........))....
#..........)#....
##.........###...


You could see an orc warlord (corroded).

Vanquished Creatures
  Erica (D:8)
  Psyche (D:8)
  Menkaure (D:4)
  A water moccasin (D:7)
  7 orc warriors
  2 black bears
  An ice beast (D:8)
  A sky beast (D:4)
  2 ogres (D:6)
  2 centaurs
  A phantom (D:5)
  3 bullfrogs (D:7)
  A scorpion (D:6)
  4 hounds
  3 orc priests
  A sleepcap (D:6)
  7 iguanas
  7 orc wizards
  6 gnolls
  7 adders
  A white imp (D:7)
  5 ufetubi
  3 worms (D:4)
  4 dart slugs
  25 orcs
  11 ball pythons
  8 bats
  7 endoplasms
  3 giant cockroaches
  20 goblins
  15 hobgoblins
  16 jackals
  10 kobolds
  5 quokkas
  2 frilled lizards (D:3)
  5 rats
199 creatures vanquished.

Vanquished Creatures (collateral kills)
  An orc (Bailey)
  A goblin (Bailey)
  3 hobgoblins (Bailey)
5 creatures vanquished.

Vanquished Creatures (others)
  An angel (D:8)
  An orc priest (D:3)
  5 orcs
7 creatures vanquished.

Grand Total: 211 creatures vanquished

Notes
Turn   | Place    | Note
-------+----------+-------------------------------------------
     0 | D:1      | booth the Hill Orc Fighter began the quest for the Orb.
     0 | D:1      | Reached XP level 1. HP: 19/19 MP: 1/1
    61 | D:1      | Reached XP level 2. HP: 25/27 MP: 2/2
    62 | D:1      | Reached skill level 3 in Axes
   232 | D:1      | Reached XP level 3. HP: 30/33 MP: 3/3
   688 | D:1      | Identified a scroll of acquirement
   688 | D:1      | Acquired the amulet of Reym Obb {Acrobat rElec rPois rC-}
   925 | D:2      | Reached XP level 4. HP: 38/40 MP: 4/4
   975 | D:2      | Acquired the +2 cloak of the Griffon {Dex+3}
  1106 | D:2      | You fall into a shaft and drop 2 floors!
  1439 | D:3      | Became a worshipper of Beogh the Brigand
  1605 | D:3      | Reached skill level 4 in Axes
  1644 | D:3      | Found a stormy altar of Qazlal.
  1744 | D:2      | Reached XP level 5. HP: 34/47 MP: 5/5
  1861 | D:2      | Reached skill level 1 in Maces & Flails
  2300 | D:3      | Found a faded altar of an unknown god.
  2434 | D:3      | Reached skill level 1 in Throwing
  2691 | D:4      | Noticed a sky beast
  2726 | D:4      | Killed a sky beast
  2727 | D:4      | Reached XP level 6. HP: 55/55 MP: 6/6
  2785 | D:4      | Reached * piety under Beogh
  2787 | D:4      | Reached skill level 5 in Axes
  3477 | D:4      | Noticed Menkaure
  3489 | D:4      | Killed Menkaure
  3490 | D:4      | Reached skill level 5 in Fighting
  3490 | D:4      | Reached XP level 7. HP: 33/61 MP: 7/7
  3612 | D:5      | Entered Level 5 of the Dungeon
  3838 | D:5      | Reached skill level 6 in Axes
  3937 | D:5      | Found Xeojingov's General Store.
  3950 | D:5      | Bought a potion of curing for 30 gold pieces
  3995 | D:5      | Reached skill level 5 in Shields
  4303 | D:5      | Reached skill level 5 in Armour
  4307 | D:5      | Reached ** piety under Beogh
  4308 | D:5      | Reached XP level 8. HP: 50/69 MP: 8/8
  4857 | D:6      | Reached skill level 1 in Invocations
  4860 | D:6      | Reached skill level 7 in Axes
  5530 | D:6      | Identified the ring of Alubluece {Str+6 Dex+2}
  5965 | D:6      | Found a faded altar of an unknown god.
  5965 | D:6      | Found a hazy altar of Hepliaklqana.
  5967 | D:6      | Found a faded altar of an unknown god.
  6391 | D:7      | Found Dueschufu's Magic Scroll Emporium.
  6397 | D:7      | Bought 3 scrolls of identify for 66 gold pieces
  6397 | D:7      | Bought a scroll of fear for 44 gold pieces
  6504 | D:7      | Reached XP level 9. HP: 61/75 MP: 11/11
  6602 | D:7      | Reached skill level 8 in Axes
  6689 | D:7      | Found a staircase to the Ecumenical Temple.
  6804 | D:7      | Found a sparkling altar of Nemelex Xobeh.
  6806 | D:7      | Found an iron altar of Okawaru.
  6993 | D:8      | Noticed Psyche
  7005 | D:8      | Killed Psyche
  7075 | D:8      | Noticed an angel
  7076 | D:8      | Found a shimmering altar of Xom.
  7080 | D:8      | Reached skill level 5 in Invocations
  7124 | D:8      | Found a flagged portal.
  7127 | D:8      | Noticed Erica
  7148 | D:8      | Killed Erica
  7149 | D:8      | Reached skill level 9 in Axes
  7298 | D:8      | Killed an angel
  7339 | Bailey   | Entered a bailey
  7500 | Bailey   | Reached XP level 10. HP: 60/86 MP: 14/14
  7503 | Bailey   | Reached *** piety under Beogh
  7796 | Bailey   | Noticed an orc warlord
  7829 | Bailey   | HP: 2/86 [orc warlord/+6 broad axe (32)]
  7832 | Bailey   | Demolished by an orc warlord

Illustrated notes

Levels and vault maps discovered:
D:1:      lightli_arrival_maybe_door_vault, layout_rooms
D:2:      minmay_diamond_boxcup, layout_basic
D:3:      layout_basic, nicolae_qazlal_general_emergency,
          ebering_ecumenical_altar_box
D:4:      layout_basic, cheibrodos_sewer_entry_bend, uniq_menkaure
D:5:      layout_rooms, serial_shops, shop_fountains
D:6:      layout_layer_cave, nicolae_hepliaklqana_ecumenical_no_more
D:7:      layout_loops_ring, nicolae_overflow_hidden_temple,
          minmay_temple_entry_trees, serial_shops, nicolae_shop_rolling_square,
          glass_columns_c
D:8:      layout_loops_ring, grunt_temple_overflow_order_and_chaos_1,
          enter_bailey_2, chequers_avenue, uniq_psyche, uniq_erica
Bailey:   bailey_axe_minmay_hex_keep, bailey

Skill      XL: |  1  2  3  4  5  6  7  8  9 10 |
---------------+-------------------------------+-----
Axes           | 3 4 5 6 7 9 |  9.6
Fighting       | 4 5 6 7 |  7.2
Armour         | 4 5 6 |  6.5
Shields        | 4 5 6 |  6.5
Maces & Flails | 1 2 3 4 |  4.9
Throwing       | 1 2 3 4 |  4.1
Invocations    | 3 6 |  6.6

Action                     |  1- 3 |  4- 6 |  7- 9 | 10-12 || total
---------------------------+-------+-------+-------+-------++-------
  Melee: War axe           |   129 |   247 |   187 |    26 ||   589
         Mace              |       |       |    21 |       ||    21
         Unarmed           |       |       |     7 |       ||     7
  Throw: Dart              |       |     8 |     4 |     3 ||    15
 Invoke: Convert to Beogh  |       |     1 |       |       ||     1
         Smiting           |       |       |     1 |       ||     1
  Evoke: Wand              |       |       |     1 |     1 ||     2
    Use: Scroll            |     3 |     5 |     8 |     1 ||    17
         Potion            |       |     2 |     4 |     3 ||     9
   Stab: Invisible         |       |     2 |     1 |       ||     3
 Armour: Scale mail        |    81 |    48 |       |       ||   129
         Chain mail        |       |    73 |   149 |    11 ||   233
  Dodge: Dodged            |    74 |   103 |    99 |    11 ||   287
  Block: Buckler           |    34 |    52 |    75 |    12 ||   173
